 Dungeon Crawl Stone Soup version 0.25-a0-869-g05d4e06a41 (webtiles) character file.

Game seed: 13360033884155625022, levelgen mode: deterministic

112 Maedhros the Insei (level 4, -1/31 HPs)
             Began as an Octopode Chaos Knight on May 1, 2020.
             Was a Plaything of Xom.
             Slain by an ufetubus (4 damage)
             ... summoned by Xom
             ... on level 2 of the Dungeon.
             The game lasted 00:02:02 (4618 turns).

Maedhros the Insei (Octopode Chaos Knight)          Turns: 4618, Time: 00:02:02

Health: -1/31      AC:  1    Str: 11    XL:     4   Next: 93%
Magic:  4/4        EV: 13    Int: 14    God:    Xom [.*....]
Gold:   88         SH:  0    Dex: 12    Spells: 3/3 levels left

rFire    . . .     SeeInvis .     - Unarmed
rCold    . . .     Gourm    .   (no shield)
rNeg     . . .     Faith    .   (helmet restricted)
rPois    .         Spirit   .   (no amulet)
rElec    .         Reflect  .   (no ring)
rCorr    .         Harm     .   (no ring)
MR       .....                  (no ring)
Stlth    ++........             (no ring)
HPRegen  0.10/turn              (no ring)
MPRegen  0.09/turn              (no ring)
                                (no ring)
                                (no ring)

@: mighty
A: almost no armour, stealthy swim, amphibious, 8 rings, constrict 8, camouflage
1, gelatinous body 1
a: Renounce Religion


You were on level 2 of the Dungeon.
You worshipped Xom.
You were a plaything of Xom.
You were near starving.

You visited 1 branch of the dungeon, and saw 2 of its levels.

You collected 88 gold pieces.

Inventory:

Hand Weapons
 e - a +0 hunting sling of freezing
Missiles
 f - 34 stones (quivered)
Wands
 i - a wand of flame (10)
Scrolls
 d - a scroll of fog {unknown}
 g - a scroll of remove curse {unknown}
 h - 4 scrolls of teleportation {unknown}
 k - a scroll of identify {unknown}
Potions
 b - a potion of cancellation
 c - a potion of might
 j - a potion of magic {unknown}
Comestibles
 a - 2 rations


   Skills:
 - Level 3.0 Fighting
 + Level 2.6 Slings
 - Level 2.3 Dodging
 + Level 4.6 Unarmed Combat


You had 3 spell levels left.
You didn't know any spells.
Your spell library was empty.

Dungeon Overview and Level Annotations

Branches:
Dungeon (2/15)

Altars:
The Shining One


Innate Abilities, Weirdness & Mutations

You cannot wear most types of armour.
You are very stealthy in the water. (Stealth+)
You are amphibious.
You can wear up to eight rings at the same time.
You can use your tentacles to constrict eight enemies at once.
Your skin changes colour to match your surroundings (Stealth+).
Your rubbery body absorbs attacks. (AC +1, EV +1)


Message History

The ufetubus barely misses you. The crimson imp hits you.
* * * LOW HITPOINT WARNING * * *
The ufetubus misses you. The ufetubus hits you.
* * * LOW HITPOINT WARNING * * *
Unknown command.
You release your grip on the crimson imp.
Okay, then.
The crimson imp disappears for a moment.
The ufetubus barely misses you. The ufetubus hits you.
* * * LOW HITPOINT WARNING * * *
It was a potion of cancellation.
You feel magically purged. The crimson imp barely misses you.
The ufetubus hits you.
* * * LOW HITPOINT WARNING * * *
The ufetubus hits you but does no damage.
It was a potion of might.
You feel very mighty all of a sudden.
Xom thinks this is hilarious!
The ufetubus hits you.
You die... "Boring in life, boring in death..."

...... ######..###..###
...... ##..##.##..##
......#####..##...##..#
........#..##..#..##..
..........##..#.#..##.
###....###..#._.#..##
#......##..#.#..##.
#>.5....#'..#..##..
#.@5.##..##...##..#
#....###..##.##..##
######### ######
#...###..## #<......#
#....#..## #######.#
#....#.## #.# ###....#
#.# #.#.## #.# #...#
#.# #...####


You could see a crimson imp and an ufetubus.

Vanquished Creatures
  5 adders (D:2)
  A gnoll (D:2)
  An ooze (D:2)
  A worm (D:2)
  3 dart slugs
  2 ball pythons (D:2)
  2 giant cockroaches
  7 goblins
  5 hobgoblins (D:1)
  6 kobolds
  3 bats
  2 frilled lizards (D:1)
  7 rats
45 creatures vanquished.

Notes
Turn   | Place    | Note
-------+----------+-------------------------------------------
     0 | D:1      | Maedhros the Octopode Chaos Knight began the quest for the
                  | Orb.
     0 | D:1      | Reached XP level 1. HP: 16/16 MP: 1/1
    22 | D:1      | XOM: potion effect (might)
    32 | D:1      | XOM: divination: detect creatures
    93 | D:1      | Reached XP level 2. HP: 21/21 MP: 2/2
   254 | D:1      | XOM: 2-stop teleportation journey
   603 | D:1      | XOM: silly message
  1018 | D:1      | XOM: noise
  1097 | D:1      | Reached skill level 1 in Slings
  1569 | D:1      | XOM: silly message
  1679 | D:1      | XOM is BORED!
  1679 | D:1      | XOM: noise
  1744 | D:1      | XOM: divination: detect items
  2033 | D:1      | Reached XP level 3. HP: 26/26 MP: 3/3
  2142 | D:2      | Reached skill level 4 in Unarmed Combat
  2361 | D:2      | XOM: silly message
  3100 | D:2      | XOM: confuse monster(s)
  3111 | D:2      | Reached XP level 4. HP: 12/31 MP: 4/4
  3357 | D:1      | XOM: divination: magic mapping
  3757 | D:2      | XOM is BORED!
  3757 | D:2      | XOM: 2-stop teleportation journey
  3813 | D:2      | Found a glowing golden altar of the Shining One.
  4603 | D:2      | XOM is BORED!
  4603 | D:2      | XOM: summons 2 hostile demons
  4618 | D:2      | Slain by an ufetubus

Levels and vault maps discovered:
D:1:      lightli_arrival_statue_moat, layout_basic
D:2:      minmay_angry_zag, layout_basic, tso_metal_star, minivault_4

Skill      XL: |  1  2  3  4 |
---------------+-------------+-----
Slings         | 1 2 |  2.6
Unarmed Combat | 4 |  4.6
Fighting       | |  3.0
Dodging        | |  2.3

Action                   |  1- 3 |  4- 6 || total
-------------------------+-------+-------++-------
Melee: Unarmed           |    75 |    41 ||   116
       Constrict         |    16 |     9 ||    25
       Punch             |     3 |       ||     3
       Tentacles         |     9 |     7 ||    16
Evoke: Wand              |       |     2 ||     2
  Use: Potion            |       |     2 ||     2
 Stab: Sleeping          |     4 |     2 ||     6
  Eat: Chunk             |     2 |     4 ||     6
       Ration            |     1 |       ||     1
Armor: Skin              |    11 |     3 ||    14
Dodge: Dodged            |    52 |    44 ||    96

Table legend:
 A = Non-vault XP
 B = Vault XP
 C = Vault XP percentage of total XP
 D = Non-vault monster count
 E = Vault monster count
 F = Vault count percentage of total count
                 A         B        C        D         E       F
            +---------+---------+-------+---------+---------+-------
      Total |     141 |      19 |  11.9 |      43 |       2 |   4.4
            +---------+---------+-------+---------+---------+-------
        D:1 |      35 |       0 |   0.0 |      19 |       0 |   0.0
        D:2 |     106 |      19 |  15.2 |      24 |       2 |   7.7
            +---------+---------+-------+---------+---------+-------
